 Dungeon Crawl Stone Soup version 0.28.0-53-g5a82cb258f (webtiles) character file.

Game seed: 12277265780195858809

350 Sin92 the Chopper (level 6, -5/48 HPs)
             Began as a Demonspawn Fighter on July 5, 2022.
             Was an Initiate of Okawaru.
             Slain by an orc warrior
             ... wielding a +0 trident
              (15 damage)
             ... on level 4 of the Dungeon.
             The game lasted 00:04:03 (4133 turns).

Sin92 the Chopper (Demonspawn Fighter)              Turns: 4133, Time: 00:04:04

Health: -5/48      AC: 10    Str: 15 (18) XL:     6   Next: 33%
Magic:  6/6        EV:  8    Int:  8 (10) God:    Okawaru [......]
Gold:   164        SH:  8    Dex:  9 (12) Spells: 5/5 levels left

rFire   . . .      SeeInvis .   a - +0 war axe
rCold   . . .      Faith    .   c - +0 buckler
rNeg    . . .      Spirit   .   b - +0 scale mail
rPois   .          Reflect  .   (no helmet)
rElec   .          Harm     .   l - +0 cloak
rCorr   .          Rampage  .   (no gloves)
Will    .....                   (no boots)
Stlth   ..........              (no amulet)
HPRegen 0.16/turn               (no ring)
MPRegen 0.10/turn               (no ring)

@: mighty, brilliant, attractive, flying
A: thin metallic scales 1, condensation shield, demonic touch 1
a: Renounce Religion


You were on level 4 of the Dungeon.
You worshipped Okawaru.
Okawaru was noncommittal.
You visited 1 branch of the dungeon, and saw 4 of its levels.

You collected 164 gold pieces.

Inventory:

Hand Weapons
 a - a +0 war axe (weapon)
Armour
 b - a +0 scale mail (worn)
 c - a +0 buckler (worn)
 l - a +0 cloak (worn)
Wands
 m - a wand of flame (7)
 p - a wand of polymorph (7)
Scrolls
 g - a scroll of enchant armour {unknown}
 h - 4 scrolls of identify {unknown}
 j - a scroll of vulnerability {unknown}
 o - a scroll of holy word {unknown}
Potions
 d - 2 potions of might
 f - a potion of brilliance


   Skills:
 + Level 4.1 Fighting
 * Level 4.1 Axes
 + Level 3.7 Armour
 + Level 3.7 Shields


You had 5 spell levels left.
You didn't know any spells.
Your spell library contained the following spells:

 Spells                   Type           Power      Damage    Failure   Level
 Magic Dart               Conj           0%         1d3       91%         1
 Mephitic Cloud           Conj/Pois/Air  0%         N/A       99%         3
 Summon Small Mammal      Summ           Unusable   N/A       N/A         1
 Call Imp                 Summ           Unusable   N/A       N/A         2

Dungeon Overview and Level Annotations

Branches:
Dungeon (4/15)
 Temple: D:4-7

Altars:
Okawaru
Ru


Innate Abilities, Weirdness & Mutations

You are partially covered in thin metallic scales. (AC +2)
A meltable shield of frost defends you. (SH +4)
Your touch may inflict minor irresistible damage on your foes.


Message History

* * * LOW HITPOINT WARNING * * *
The centaur barely misses you.
The centaur kicks you but does no damage.
The centaur wields a +0 shortbow.
The centaur shoots an arrow.
The arrow hits you but does no damage.
It was a potion of brilliance.
You feel clever all of a sudden.
The centaur shoots an arrow.
The arrow hits you.
* * * LOW HITPOINT WARNING * * *
The centaur shoots an arrow.
The arrow misses you.
Unknown command.
It was a potion of curing.
You feel better.
The centaur shoots an arrow.
The arrow hits you.
* * * LOW HITPOINT WARNING * * *
Unknown command.
It was a potion of degeneration.
There was something very wrong with that liquid.
You feel weakened.
You feel dopey.
You feel clumsy. You block the orc warrior's attack.
It was a potion of attraction.
You feel attractive to monsters.
The orc warrior hits you with a +0 trident.
* * * LOW HITPOINT WARNING * * *
It was a potion of flight.
You feel very buoyant.
You fly up into the air.
You block the orc warrior's attack.
You hit the orc warrior.
The orc warrior is lightly wounded.
The orc warrior hits you with a +0 trident.
* * * LOW HITPOINT WARNING * * *
You feel better.
The orc warrior hits you with a +0 trident!
* * * LOW HITPOINT WARNING * * *
The centaur is attracted toward you.
You feel very mighty all of a sudden. The orc warrior barely misses you.
You hit the orc warrior but do no damage.
The orc warrior is lightly wounded.
The orc warrior hits you with a +0 trident!
You die...

#.#...##
#.....#..#
##########.#
#........†.#
..#..##.#.#.###
..# #.######
#.# ##.#.#.#
#.# ##.#.## #.#
####@# #.# #o##
#.# #c$# #<#
.§## #.# ####
######.#
.......#
########


You could see an orc warrior and a centaur.

Vanquished Creatures
  2 scorpions (D:4)
  A bullfrog skeleton (D:4)
  Crazy Yiuf (D:2)
  An iguana (D:3)
  An orc wizard (D:4)
  5 adders
  5 worms
  3 dart slugs
  9 bats
  7 endoplasms
  5 giant cockroaches
  3 hobgoblins
  5 jackals
  3 quokkas
  8 ball pythons
  6 frilled lizards
  2 goblins
  3 kobolds
  3 rats
  A bush (D:2)
74 creatures vanquished.

Notes
Turn   | Place    | Note
-------+----------+-------------------------------------------
     0 | D:1      | Sin92 the Demonspawn Fighter began the quest for the Orb.
     0 | D:1      | Reached XP level 1. HP: 18/18 MP: 1/1
   362 | D:1      | Gained mutation: You are partially covered in thin metallic
                  | scales. (AC +2) [demonic ancestry]
   362 | D:1      | Reached XP level 2. HP: 16/24 MP: 2/2
   514 | D:1      | Found a faded altar of an unknown god.
   518 | D:1      | Got Plato's Incunabulum of Creation
  1270 | D:2      | Gained mutation: Your touch may inflict minor irresistible
                  | damage on your foes. [demonic ancestry]
  1270 | D:2      | Reached XP level 3. HP: 29/29 MP: 3/3
  1892 | D:2      | Reached XP level 4. HP: 24/35 MP: 4/4
  2163 | D:2      | Found a runed translucent door.
  2164 | D:2      | Noticed Crazy Yiuf
  2610 | D:2      | Killed Crazy Yiuf
  2991 | D:3      | Reached XP level 5. HP: 19/42 MP: 5/5
  3449 | D:4      | Found an iron altar of Okawaru.
  3505 | D:4      | Became a worshipper of Warmaster Okawaru
  3642 | D:4      | Gained mutation: A meltable shield of frost defends you.
                  | (SH +4) [demonic ancestry]
  3642 | D:4      | Reached XP level 6. HP: 10/48 MP: 6/6
  3977 | D:4      | Found a sacrificial altar of Ru.
  4119 | D:4      | Noticed an orc warrior
  4133 | D:4      | Slain by an orc warrior

Illustrated notes

Levels and vault maps discovered:
D:1:      minmay_arrival_cross, layout_loops_corners,
          shapermc_ecumenical_altar_rom_forum
D:2:      minmay_alternating_diamond, layout_basic, minmay_hedge_maze,
          kennysheep_cross_room, uniq_crazy_yiuf_cottage
D:3:      cheibrodos_helix_gallery, layout_basic, minmay_crystal_room
D:4:      layout_loops_ring, nicolae_ru_great_annihilating_truth, zin_academy,
          lemuel_round_altar, lemuel_round_altar,
          corexii_item_surrounded_by_moat, minmay_small_thing

Skill      XL: |  1  2  3  4  5 |
---------------+----------------+-----
Axes           | 2 3 4 |  4.1
Armour         | 3 |  3.7
Shields        | 3 |  3.7
Fighting       | 4 |  4.1

Action                   |  1- 3 |  4- 6 || total
-------------------------+-------+-------++-------
Melee: War axe           |   163 |   148 ||   311
  Use: Scroll            |     2 |       ||     2
       Potion            |       |     7 ||     7
 Stab: Paralysed         |       |     2 ||     2
Armor: Scale mail        |    46 |    76 ||   122
Dodge: Dodged            |    47 |    66 ||   113
Block: Buckler           |    18 |    49 ||    67
